 Dungeon Crawl Stone Soup version 0.20.1-1-g8b1a95d (webtiles) character file.

141 Gremour the Slasher (level 5, -3/45 HPs)
             Began as a Draconian Monk on Nov 4, 2017.
             Was a Believer of Okawaru.
             Killed from afar by Sigmund (8 damage)
             ... with a magic dart
             ... on level 2 of the Dungeon.
             The game lasted 00:07:12 (1412 turns).

Gremour the Slasher (Draconian Monk)                Turns: 1412, Time: 00:07:13

Health: -3/45      AC:  5    Str: 13    XL:     5   Next: 3%
Magic:  5/5        EV: 13    Int: 11    God:    Okawaru [**....]
Gold:   60         SH:  0    Dex: 14    Spells: 4/4 levels left

rFire    . . .     SeeInvis .   b - +0 whip (venom)
rCold    . . .     Gourm    .   (no shield)
rNeg     . . .     Faith    .   (armour unavailable)
rPois    .         Spirit   .   (helmet restricted)
rElec    .         Reflect  .   (no cloak)
rCorr    .         Harm     .   (no gloves)
MR       .....                  (no boots)
Stlth    ++........             (no amulet)
Regen    0.2/turn               (no ring)
MPRegen  0.1/turn               (no ring)

@: slowed, very slow
A: unfitting armour, cold-blooded, AC +5
a: Heroism, Renounce Religion


You were on level 2 of the Dungeon.
You worshipped Okawaru.
Okawaru was pleased with you.
You were hungry.

You visited 1 branch of the dungeon, and saw 2 of its levels.

You collected 60 gold pieces.

Inventory:

Hand Weapons
 a - a +0 falchion
 b - a +0 whip of venom (weapon)
Missiles
 e - 33 stones (quivered)
Scrolls
 d - a scroll of amnesia {unknown}
 g - 2 scrolls of teleportation {unknown}
 h - a scroll of identify {unknown}
 i - a scroll of remove curse {unknown}
Potions
 c - a potion of curing {unknown}
 j - a potion of mutation {unknown}
Comestibles
 f - 3 bread rations
 k - a chunk of flesh


   Skills:
 - Level 3.3 Fighting
 * Level 5.7 Long Blades
 - Level 2.7 Dodging
 - Level 1.7 Stealth


You had 4 spell levels left.
You didn't know any spells.

Dungeon Overview and Level Annotations

Branches:
Dungeon (2/15)

Altars:
Okawaru

Annotations:
D:2 Sigmund


Innate Abilities, Weirdness & Mutations

Your plain brown scales are hard. (AC +5)
You cannot fit into any form of body armour.
You are cold-blooded and may be slowed by cold attacks.


Message History

Natasha is severely wounded.
Natasha claws you. Natasha barely misses you. The bat completely misses you.
You kill Natasha!
Okawaru accepts your kill.
Natasha screams in pain as she dies!
You have reached level 5!
The bat closely misses you.
A magic dart appears from out of thin air!
The magic dart hits you! The bat misses you.
There is an open door here.
The bat barely misses you. Something hits you but does no damage.
There's a creature in the doorway!
The bat misses you. Something hits you!
* * * LOW HITPOINT WARNING * * *
A magic dart appears from out of thin air!
The magic dart hits you!
You die...

#.....###>.........).......♣.♣.♣.
#.....#.......###..###.#..♣.♣.♣.♣
#.....#.......#........#.♣[♣._.♣.
#####.'.[.....#...######..♣.♣.♣.♣
###.......#...# #..†♣.♣.♣.
#.......#...######....♣.♣..
#######.#...#.b..'.#...♣...
#.#.###b####.........
#.#.@..(...+.........
+#######.##........#
#..##'##....# #.....# ....#
###.... ....# ...... .. ......
..... .....


You could see a bat.

Vanquished Creatures
  Jessica (D:2)
  Natasha (twice) (D:2)
  3 adders (D:2)
  A dart slug (D:1)
  A leopard gecko (D:1)
  2 ball pythons (D:2)
  2 giant cockroaches
  3 goblins
  5 hobgoblins
  3 kobolds
  A quokka (D:2)
  6 bats
  A frilled lizard (D:2)
  8 rats
39 creatures vanquished.

Notes
Turn   | Place    | Note
-------+----------+-------------------------------------------
     0 | D:1      | Gremour the Draconian Monk began the quest for the Orb.
     0 | D:1      | Reached XP level 1. HP: 19/19 MP: 1/1
   318 | D:1      | Reached XP level 2. HP: 26/26 MP: 2/2
   597 | D:1      | Reached skill level 4 in Long Blades
   782 | D:2      | Reached XP level 3. HP: 14/31 MP: 3/3
  1066 | D:2      | Noticed Jessica
  1075 | D:2      | Killed Jessica
  1075 | D:2      | Reached XP level 4. HP: 25/38 MP: 4/4
  1133 | D:2      | Found an iron altar of Okawaru.
  1145 | D:2      | Became a worshipper of Warmaster Okawaru
  1145 | D:2      | Reached * piety under Okawaru
  1145 | D:2      | Reached ** piety under Okawaru
  1190 | D:2      | Reached skill level 5 in Long Blades
  1249 | D:2      | Noticed Natasha
  1259 | D:2      | Killed Natasha
  1294 | D:2      | Noticed Sigmund
  1396 | D:2      | Noticed Natasha
  1404 | D:2      | Killed Natasha
  1404 | D:2      | Reached XP level 5. HP: 18/45 MP: 5/5
  1412 | D:2      | Killed from afar by Sigmund

Skill      XL: |  1  2  3  4 |
---------------+-------------+-----
Long Blades    | 4 5 |  5.7
Fighting       | |  3.3
Dodging        | |  2.7
Stealth        | |  1.7

Action                   |  1- 3 |  4- 6 || total
-------------------------+-------+-------++-------
Melee: Whip              |    64 |    30 ||    94
       Falchion          |     5 |       ||     5
       Tailslap          |     8 |     5 ||    13
 Stab: Sleeping          |     3 |       ||     3
  Eat: Chunk             |     1 |       ||     1
Armor: Skin              |    20 |     7 ||    27
Dodge: Dodged            |    46 |    31 ||    77
       Rpst.: Falchion   |     1 |       ||     1
